Canucks vs Blackhawks

Created - 22 mars 2018 at 15:55

Goals
1 2 3 T
Canucks 3 0 2 5
Blackhawks 0 2 0 2
Shots
1 2 3 T
Canucks 11 8 21 40
Blackhawks 7 11 4 22

1st period

1. Canucks , Reilly Smith 14 (Jordan Eberle 24, Alexander Edler 46) at 7:20
2. Canucks , Alexander Edler 10 (Jaccob Slavin 30, Jordan Eberle 25) at 10:52 (PP)
3. Canucks , Reilly Smith 15 (Marc Staal 21, Jordan Eberle 26) at 17:57 (PP)

Penalties :
Jeff Skinner (CHI) for Holding (Minor) at 3:18, Shea Weber (CHI) for Roughing (Minor) at 9:00, Adam McQuaid (VAN) for Boarding (Minor) at 14:43, Brett Skinner (CHI) for Boarding (Minor) at 17:00, Brett Skinner (CHI) for Roughing (Minor) at 18:49, Jason Chimera (VAN) for High sticking (Minor) at 18:49

2nd period

4. Blackhawks , Martin Havlat 29 (Taylor Hall 38, Justin Faulk 22) at 8:15
5. Blackhawks , Martin Havlat 30 (Shea Weber 57, Taylor Hall 39) at 14:48 (PP)

Penalties :
Alexander Edler (VAN) for Tripping (Minor) at 1:37, Adam McQuaid (VAN) for Tripping (Minor) at 13:22, Alexander Edler (VAN) for High sticking (Minor) at 16:30

3rd period

6. Canucks , *Nolan Patrick 11 (Luke Glendening 6, Jannik Hansen 16) at 2:23
7. Canucks , T.J. Oshie 22 (Alexander Edler 47, Logan Couture 21) at 10:10 (PP)

Penalties :
Karl Alzner (VAN) for Boarding (Minor) at 2:35, Justin Faulk (CHI) for Tripping (Minor) at 5:07, Steven Stamkos (CHI) for Cross-checking (Minor) at 8:54, Jannik Hansen (VAN) for Holding (Minor) at 19:15

Goalie Stats

Cam Talbot (VAN), 20 saves from 22 shots - (0,909), W, 38-23-3, 60:00 minutes
Cory Schneider (CHI), 35 saves from 40 shots - (0,875), L, 8-13-1, 60:00 minutes

Players Stats for Canucks

Player Name              G  A  P  +/- PIM S  H  SB GA TA FO     MP     PP MP  PK MP  
------------------------------------------------------------------------------------
*Nolan Patrick           1  0  1   1  0   2  2  0  0  0  11/27  17:39   3:49   3:10 
Adam McQuaid             0  0  0   1  4   1  11 0  0  0  0/0    12:12   0:00   0:18 
Alexander Edler          1  2  3   0  4   2  2  1  0  0  0/0    21:57   3:45   3:03 
Brayden Point            0  0  0   0  0   2  0  0  0  0  5/12    9:19   4:14   0:00 
Jaccob Slavin            0  1  1   0  0   4  0  2  0  0  0/0    24:07   3:45   4:49 
Jannik Hansen            0  1  1   1  2   1  4  0  0  0  1/1    13:55   0:10   0:00 
Jason Chimera            0  0  0   0  2   0  0  0  0  0  0/1     4:43   0:00   0:00 
Jordan Eberle            0  3  3   0  0   1  0  0  0  0  0/1    16:19   3:49   0:00 
Karl Alzner              0  0  0   0  2   1  0  3  0  0  0/0    22:29   4:18   3:50 
Logan Couture            0  1  1   0  0   2  0  0  0  0  9/18   20:02   4:04   3:28 
Luke Glendening          0  1  1   1  0   1  2  0  0  0  0/0    14:22   0:00   5:20 
Marc Staal               0  1  1   0  0   3  5  1  0  0  0/0    21:24   4:18   3:09 
Paul Carey               0  0  0   0  0   0  0  0  0  0  0/0     0:00   0:00   0:00 
Paul Martin              0  0  0   1  0   0  0  2  0  0  0/0    17:46   0:00   5:03 
Reilly Smith             2  0  2   0  0   7  2  1  0  0  0/2    17:57   3:49   0:00 
T.J. Oshie               1  0  1   0  0   8  1  0  0  0  0/1    19:50   4:14   1:39 
Tomas Plekanec           0  0  0   0  0   2  0  0  0  0  19/35  20:11   0:00   6:35 
Tyler Ennis              0  0  0   0  0   3  1  0  0  0  0/0    13:36   0:00   0:00 

Players Stats for Blackhawks

Player Name              G  A  P  +/- PIM S  H  SB GA TA FO     MP     PP MP  PK MP  
------------------------------------------------------------------------------------
Brett Skinner            0  0  0   0  4   1  3  1  0  0  0/0    19:09   5:23   0:00 
Bryan Little             0  0  0  -1  0   1  4  1  0  0  8/14   20:02   4:26   2:33 
David Rundblad           0  0  0   0  0   0  0  0  0  0  0/0     5:26   0:00   3:38 
Derek Forbort            0  0  0   0  0   0  2  1  0  0  0/0    12:26   0:00   0:00 
Jamie Benn               0  0  0  -1  0   6  4  0  0  0  4/9    20:28   5:40   0:00 
Jamie Devane             0  0  0   0  0   0  0  0  0  0  0/1     1:13   0:00   0:00 
Jeff Skinner             0  0  0  -1  2   1  1  0  0  0  0/0    20:19   5:40   1:41 
John Carlson             0  0  0   0  0   0  0  2  0  0  0/0    18:13   0:00   4:25 
Justin Faulk             0  1  1   0  2   1  1  2  0  0  0/0    20:55   4:43   3:19 
Martin Havlat            2  0  2   1  0   5  0  0  0  0  6/7    19:02   4:26   0:00 
Mika Zibanejad           0  0  0   1  0   0  3  0  0  0  23/42  25:10   5:40   5:30 
Nikolaj Ehlers           0  0  0  -1  0   0  1  0  0  0  0/0    14:06   0:00   0:00 
Ryan Bourque             0  0  0   0  0   0  0  0  0  0  0/0     0:00   0:00   0:00 
Shea Weber               0  1  1  -1  2   1  3  0  0  0  0/0    21:26   5:23   1:06 
Steven Stamkos           0  0  0  -1  2   0  2  0  0  0  11/23  14:22   0:00   1:24 
Taylor Hall              0  2  2   1  0   4  1  0  0  0  1/1    17:13   4:26   0:00 
Tyler Johnson            0  0  0  -1  0   1  0  0  0  0  0/1    18:01   0:00   4:58 
Victor Hedman            0  0  0  -1  0   1  1  1  0  0  0/0    22:21   4:43   3:38 

3 Stars

1 - Reilly Smith (VAN)
2 - Martin Havlat (CHI)
3 - *Nolan Patrick (VAN)

Power Play

Canucks - 3 on 5 Attempt(s) - 60,00%
Blackhawks - 1 on 6 Attempt(s) - 16,67%

Penalty Kill

Canucks - 5 on 6 Attempt(s) - 83,33% - Score 0 goal in Penalty Kill
Blackhawks - 2 on 5 Attempt(s) - 40,00% - Score 0 goal in Penalty Kill

Team Stat

Canucks - Hits : 30 - Faceoff Wins : 45 - Blocked Shots : 10 - Penalty Minutes : 14
Blackhawks - Hits : 26 - Faceoff Wins : 53 - Blocked Shots : 8 - Penalty Minutes : 12

Official

Referees : Peter Tarnaris and Chris Rooney
Linesman : Andy McElman and Kenneth Gates

Game Notes

No Game Note

Finance

Level 1 -- Attendance: 5792 (89,11%) -- Ticket Income 579 200 $
Level 2 -- Attendance: 5500 (100,00%) -- Ticket Income 385 000 $
Level 3 -- Attendance: 2475 (99,00%) -- Ticket Income 123 750 $
Level 4 -- Attendance: 3989 (88,64%) -- Ticket Income 119 670 $
Luxury Box -- Attendance: 2250 (60,00%) -- Ticket Income 787 500 $
Game was played at the The United Center.
Total Attendance: 20006 (87,94%)
Total Ticket Income: 1 995 120 $
Other Income: 977 609 $
Total Income: 2 972 729 $

Canucks

5 vs 5 Forward 
   Center                   Left Wing                Right Wing               Time % Phy DF OF 
 1 Tomas Plekanec           Tyler Ennis              T.J. Oshie               36     0   2  3  
 2 Logan Couture            Reilly Smith             Jordan Eberle            34     0   2  3  
 3 *Nolan Patrick           Jannik Hansen            Luke Glendening          22     0   2  3  
 4 Brayden Point            Jannik Hansen            Jason Chimera            8      0   2  3  

5 vs 5 Defense 
   Defense                  Defense                                           Time % Phy DF OF 
 1 Alexander Edler          Jaccob Slavin                                     40     0   2  3  
 2 Karl Alzner              Marc Staal                                        30     0   2  3  
 3 Paul Martin              Adam McQuaid                                      20     0   2  3  
 4 Paul Martin              Karl Alzner                                       10     0   2  3  

PowerPlay Forward 
   Center                   Left Wing                Right Wing               Time % Phy DF OF 
 1 Brayden Point            Logan Couture            T.J. Oshie               55     0   1  4  
 2 *Nolan Patrick           Reilly Smith             Jordan Eberle            45     0   1  4  

PowerPlay Defense
   Defense                  Defense                                           Time % Phy DF OF 
 1 Jaccob Slavin            Alexander Edler                                   60     0   1  4  
 2 Karl Alzner              Marc Staal                                        40     0   1  4  

Penalty Kill 4 Players Forward 
   Center                   Wing                     Time % Phy DF OF 
 1 Tomas Plekanec           Luke Glendening          55     0   4  1  
 2 *Nolan Patrick           Logan Couture            45     0   4  1  

Penalty Kill 4 Players Defense
   Defense                  Defense                  Time % Phy DF OF 
 1 Karl Alzner              Paul Martin              60     0   4  1  
 2 Alexander Edler          Jaccob Slavin            40     0   4  1  

Penalty Kill - 3 Players Forward 
   Forward                                           Time % Phy DF OF 
 1 Luke Glendening                                   55     0   4  1  
 2 Tomas Plekanec                                    45     0   4  1  

Penalty Kill - 3 Players Defense
   Defense                  Defense                  Time % Phy DF OF 
 1 Karl Alzner              Paul Martin              60     0   4  1  
 2 Alexander Edler          Jaccob Slavin            40     0   4  1  

4 vs 4 Forward 
   Center                   Wing                     Time % Phy DF OF 
 1 *Nolan Patrick           Reilly Smith             60     0   2  3  
 2 Brayden Point            T.J. Oshie               40     0   2  3  

4 vs 4 Defense
   Defense                  Defense                  Time % Phy DF OF 
 1 Karl Alzner              Marc Staal               60     0   2  3  
 2 Jaccob Slavin            Paul Martin              40     0   2  3  

Last Minutes Offensive
   Center                   Left Wing                Right Wing               Defense                  Defense                  
   Tomas Plekanec           Logan Couture            Jordan Eberle            Alexander Edler          Jaccob Slavin            

Last Minutes Defensive
   Center                   Left Wing                Right Wing               Defense                  Defense                  
   Tomas Plekanec           Logan Couture            Luke Glendening          Karl Alzner              Paul Martin              

Goaltenders
Starting : Cam Talbot               
Backup : Chad Johnson             

Extra Forwards
Normal : Luke Glendening, Tomas Plekanec, Jannik Hansen - PP : Jannik Hansen, Jason Chimera - PK : T.J. Oshie
Extra Defensemen
Normal : Paul Martin, Marc Staal, Alexander Edler - PP : Adam McQuaid - PK : Marc Staal, Adam McQuaid
Penalty Shots
Logan Couture, Jordan Eberle, Brayden Point, T.J. Oshie, Alexander Edler
Custom OT Lines Forwards
Logan Couture, T.J. Oshie, Jordan Eberle, Brayden Point, Jannik Hansen, Reilly Smith, *Nolan Patrick, Tomas Plekanec, Luke Glendening, Jason Chimera
Custom OT Lines Defensemen
Alexander Edler, Karl Alzner, Jaccob Slavin, Marc Staal, Paul Martin

Scratches
Adam Henrique (Left Foot Injury)

Blackhawks

5 vs 5 Forward 
   Center                   Left Wing                Right Wing               Time % Phy DF OF 
 1 Steven Stamkos           Jamie Benn               Jeff Skinner             33     0   2  3  
 2 Bryan Little             Tyler Johnson            Nikolaj Ehlers           33     0   2  3  
 3 Mika Zibanejad           Taylor Hall              Martin Havlat            33     0   2  3  
 4 Jamie Devane             Nikolaj Ehlers           Mika Zibanejad           1      0   3  2  

5 vs 5 Defense 
   Defense                  Defense                                           Time % Phy DF OF 
 1 Shea Weber               Victor Hedman                                     35     0   3  2  
 2 Brett Skinner            John Carlson                                      35     0   3  2  
 3 Justin Faulk             Derek Forbort                                     30     0   3  2  
 4 Shea Weber               Derek Forbort                                     0      0   3  2  

PowerPlay Forward 
   Center                   Left Wing                Right Wing               Time % Phy DF OF 
 1 Mika Zibanejad           Jamie Benn               Jeff Skinner             50     0   0  5  
 2 Martin Havlat            Taylor Hall              Bryan Little             50     0   0  5  

PowerPlay Defense
   Defense                  Defense                                           Time % Phy DF OF 
 1 Shea Weber               Brett Skinner                                     50     0   0  5  
 2 Victor Hedman            Justin Faulk                                      50     0   0  5  

Penalty Kill 4 Players Forward 
   Center                   Wing                     Time % Phy DF OF 
 1 Mika Zibanejad           Tyler Johnson            60     0   3  2  
 2 Bryan Little             Jeff Skinner             40     0   3  2  

Penalty Kill 4 Players Defense
   Defense                  Defense                  Time % Phy DF OF 
 1 Justin Faulk             John Carlson             60     0   3  2  
 2 Victor Hedman            David Rundblad           40     0   3  2  

Penalty Kill - 3 Players Forward 
   Forward                                           Time % Phy DF OF 
 1 Jamie Benn                                        60     0   3  2  
 2 Bryan Little                                      40     0   3  2  

Penalty Kill - 3 Players Defense
   Defense                  Defense                  Time % Phy DF OF 
 1 Shea Weber               David Rundblad           60     0   3  2  
 2 Victor Hedman            Brett Skinner            40     0   3  2  

4 vs 4 Forward 
   Center                   Wing                     Time % Phy DF OF 
 1 Jamie Benn               Martin Havlat            60     0   3  2  
 2 Bryan Little             Tyler Johnson            40     0   3  2  

4 vs 4 Defense
   Defense                  Defense                  Time % Phy DF OF 
 1 David Rundblad           Justin Faulk             60     0   2  3  
 2 Victor Hedman            Derek Forbort            40     0   2  3  

Last Minutes Offensive
   Center                   Left Wing                Right Wing               Defense                  Defense                  
   Steven Stamkos           Jamie Benn               Martin Havlat            Shea Weber               Victor Hedman            

Last Minutes Defensive
   Center                   Left Wing                Right Wing               Defense                  Defense                  
   Steven Stamkos           Tyler Johnson            Bryan Little             Shea Weber               John Carlson             

Goaltenders
Starting : Cory Schneider           
Backup : Nolan Schaefer           

Extra Forwards
Normal : Martin Havlat, Bryan Little, Steven Stamkos - PP : Steven Stamkos, Bryan Little - PK : Steven Stamkos
Extra Defensemen
Normal : Brett Skinner, Shea Weber, Victor Hedman - PP : Shea Weber - PK : Shea Weber, Victor Hedman
Penalty Shots
Steven Stamkos, Nikolaj Ehlers, Martin Havlat, Bryan Little, Taylor Hall
Custom OT Lines Forwards
Steven Stamkos, Tyler Johnson, Martin Havlat, Bryan Little, Taylor Hall, Jamie Benn, Mika Zibanejad, Nikolaj Ehlers, Jeff Skinner, Jamie Devane
Custom OT Lines Defensemen
Shea Weber, Derek Forbort, Victor Hedman, Justin Faulk, Brett Skinner

Scratches
None


% Time on Ice - Canucks

Lines # - Real PCT - Wanted PCT - Time Play
Normal Forward
1 - 34% - 36% - 13:36
2 - 31% - 34% - 12:30
3 - 23% - 22% - 9:02
4 - 12% - 8% - 4:44
Normal Defense
1 - 38% - 40% - 15:11
2 - 31% - 30% - 12:20
3 - 30% - 20% - 11:56
4 - 1% - 10% - 0:25
PP Forward
1 - 53% - 55% - 4:14
2 - 47% - 45% - 3:49
PP Defense
1 - 47% - 60% - 3:45
2 - 53% - 40% - 4:18
PK Forward
1 - 66% - 55% - 6:38
2 - 34% - 45% - 3:28
PK Defense
1 - 52% - 60% - 5:17
2 - 48% - 40% - 4:49
PK3 Forward
1 - 0% - 55%
2 - 0% - 45%
PK3 Defense
1 - 0% - 60%
2 - 0% - 40%
44 Forward
1 - 82% - 60% - 1:38
2 - 18% - 40% - 0:21
44 Defense
1 - 82% - 60% - 1:37
2 - 18% - 40% - 0:22
Last Minute Offensive  - 0:00
Last Minute Defensive  - 0:00
Total
Forward - 60:00
Defense - 60:00

% Time on Ice - Blackhawks

Lines # - Real PCT - Wanted PCT - Time Play
Normal Forward
1 - 33% - 33% - 12:59
2 - 32% - 33% - 12:53
3 - 32% - 33% - 12:47
4 - 3% - 1% - 1:13
Normal Defense
1 - 35% - 35% - 13:49
2 - 35% - 35% - 13:48
3 - 28% - 30% - 11:06
4 - 3% - 0% - 1:09
PP Forward
1 - 56% - 50% - 5:40
2 - 44% - 50% - 4:26
PP Defense
1 - 53% - 50% - 5:23
2 - 47% - 50% - 4:43
PK Forward
1 - 68% - 60% - 5:30
2 - 32% - 40% - 2:33
PK Defense
1 - 55% - 60% - 4:25
2 - 45% - 40% - 3:38
PK3 Forward
1 - 0% - 60%
2 - 0% - 40%
PK3 Defense
1 - 0% - 60%
2 - 0% - 40%
44 Forward
1 - 92% - 60% - 1:49
2 - 8% - 40% - 0:10
44 Defense
1 - 91% - 60% - 1:48
2 - 9% - 40% - 0:11
Last Minute Offensive  - 0:00
Last Minute Defensive  - 0:00
Total
Forward - 60:00
Defense - 60:00

Play by Play

1st period


0:01 of 1st period - Tomas Plekanec wins face-off versus Steven Stamkos in neutral zone.
0:01 of 1st period - Tyler Ennis is hit by Jamie Benn and loses puck.
0:11 of 1st period - Icing by Steven Stamkos.
0:12 of 1st period - Logan Couture wins face-off versus Steven Stamkos in Blackhawks zone.
0:16 of 1st period - Jordan Eberle is hit by Shea Weber and loses puck.
0:22 of 1st period - Victor Hedman is hit by Marc Staal and loses puck.
0:54 of 1st period - Shot by Steven Stamkos.
0:54 of 1st period - Shot Misses the Net.
0:56 of 1st period - Shot by Jeff Skinner.
0:56 of 1st period - Shot Misses the Net.
1:52 of 1st period - Shot by Alexander Edler.
1:52 of 1st period - Shot Misses the Net.
1:54 of 1st period - Shot by Luke Glendening.
1:54 of 1st period - Stopped by Cory Schneider with a rebound.
2:14 of 1st period - Shot by T.J. Oshie.
2:14 of 1st period - Shot Hit the Post.
2:16 of 1st period - Shot by Tomas Plekanec.
2:16 of 1st period - Shot Blocked by John Carlson.
2:18 of 1st period - Shot by T.J. Oshie.
2:18 of 1st period - Deflect By Tyler Ennis.
2:18 of 1st period - Shot Misses the Net.
2:20 of 1st period - Shot by Tomas Plekanec.
2:20 of 1st period - Deflect By Tyler Ennis.
2:20 of 1st period - Shot Blocked by Bryan Little.
2:22 of 1st period - Shot by Tomas Plekanec.
2:22 of 1st period - Stopped by Cory Schneider without a rebound.
2:23 of 1st period - Taylor Hall wins face-off versus Jason Chimera in Blackhawks zone.
3:13 of 1st period - Icing by Marc Staal.
3:14 of 1st period - Tomas Plekanec wins face-off versus Steven Stamkos in Canucks zone.
3:14 of 1st period - Karl Alzner is hit by Steven Stamkos and loses puck.
3:18 of 1st period - Minor Penalty to Jeff Skinner for Holding.
3:19 of 1st period - Mika Zibanejad wins face-off versus *Nolan Patrick in Blackhawks zone.
3:49 of 1st period - Icing by Jaccob Slavin.
3:50 of 1st period - Mika Zibanejad wins face-off versus *Nolan Patrick in Canucks zone.
3:53 of 1st period - Shot by Victor Hedman.
3:53 of 1st period - Shot Misses the Net.
3:55 of 1st period - Shot by Tyler Johnson.
3:55 of 1st period - Stopped by Cam Talbot without a rebound.
3:56 of 1st period - Mika Zibanejad wins face-off versus Brayden Point in Canucks zone.
4:39 of 1st period - Shot by Marc Staal.
4:39 of 1st period - Stopped by Cory Schneider without a rebound.
4:40 of 1st period - *Nolan Patrick wins face-off versus Mika Zibanejad in Blackhawks zone.
4:47 of 1st period - Shot by *Nolan Patrick.
4:47 of 1st period - Shot Blocked by Justin Faulk.
5:30 of 1st period - Jeff Skinner is hit by Adam McQuaid and loses puck.
5:38 of 1st period - Shea Weber is hit by Adam McQuaid and loses puck.
6:43 of 1st period - Icing by John Carlson.
6:44 of 1st period - Mika Zibanejad wins face-off versus Logan Couture in Blackhawks zone.
7:20 of 1st period - Shot by Reilly Smith.
7:20 of 1st period - Goal by Reilly Smith - Canucks : 1 - Blackhawks : 0.
7:21 of 1st period - *Nolan Patrick wins face-off versus Bryan Little in neutral zone.
7:32 of 1st period - Shot by Jannik Hansen.
7:32 of 1st period - Stopped by Cory Schneider without a rebound.
7:33 of 1st period - Steven Stamkos wins face-off versus Brayden Point in Blackhawks zone.
7:54 of 1st period - Shot by Shea Weber.
7:54 of 1st period - Stopped by Cam Talbot with a rebound.
8:02 of 1st period - Shot by Jamie Benn.
8:02 of 1st period - Stopped by Cam Talbot without a rebound.
8:03 of 1st period - Bryan Little wins face-off versus Logan Couture in Canucks zone.
8:31 of 1st period - Alexander Edler is hit by Bryan Little and loses puck.
8:35 of 1st period - Jaccob Slavin is hit by Derek Forbort and loses puck.
8:38 of 1st period - Shot by Reilly Smith.
8:38 of 1st period - Shot Misses the Net.
8:40 of 1st period - Shot by Jaccob Slavin.
8:40 of 1st period - Shot Misses the Net.
8:59 of 1st period - Jaccob Slavin is hit by Shea Weber and loses puck.
9:00 of 1st period - Minor Penalty to Shea Weber for Roughing.
9:01 of 1st period - Brayden Point wins face-off versus Mika Zibanejad in Blackhawks zone.
9:08 of 1st period - Shot by Karl Alzner.
9:08 of 1st period - Shot Misses the Net.
9:10 of 1st period - Shot by T.J. Oshie.
9:10 of 1st period - Stopped by Cory Schneider without a rebound.
9:11 of 1st period - Mika Zibanejad wins face-off versus Brayden Point in Blackhawks zone.
9:19 of 1st period - Icing by Brayden Point.
9:20 of 1st period - Mika Zibanejad wins face-off versus Brayden Point in Canucks zone.
9:26 of 1st period - Icing by Karl Alzner.
9:27 of 1st period - Brayden Point wins face-off versus Mika Zibanejad in Canucks zone.
9:47 of 1st period - Bryan Little is hit by T.J. Oshie and loses puck.
10:04 of 1st period - Shot by Karl Alzner.
10:04 of 1st period - Shot Misses the Net.
10:38 of 1st period - Shot by Alexander Edler.
10:38 of 1st period - Shot Misses the Net.
10:40 of 1st period - Shot by Jaccob Slavin.
10:40 of 1st period - Stopped by Cory Schneider without a rebound.
10:41 of 1st period - Mika Zibanejad wins face-off versus *Nolan Patrick in Blackhawks zone.
10:52 of 1st period - Shot by Alexander Edler.
10:52 of 1st period - Goal by Alexander Edler - Canucks : 2 - Blackhawks : 0.
10:53 of 1st period - Steven Stamkos wins face-off versus *Nolan Patrick in neutral zone.
10:53 of 1st period - Steven Stamkos is hit by Jannik Hansen.
11:04 of 1st period - Jamie Benn is hit by Adam McQuaid and loses puck.
11:12 of 1st period - Icing by Paul Martin.
11:13 of 1st period - *Nolan Patrick wins face-off versus Mika Zibanejad in Canucks zone.
11:42 of 1st period - Shot by Mika Zibanejad.
11:42 of 1st period - Shot Misses the Net.
11:45 of 1st period - Icing by Adam McQuaid.
11:46 of 1st period - Bryan Little wins face-off versus *Nolan Patrick in Canucks zone.
11:57 of 1st period - Victor Hedman is hit by Jannik Hansen and loses puck.
12:10 of 1st period - Shot by Tyler Johnson.
12:10 of 1st period - Shot Blocked by Jaccob Slavin.
12:13 of 1st period - Icing by Alexander Edler.
12:14 of 1st period - Tomas Plekanec wins face-off versus Steven Stamkos in Canucks zone.
12:14 of 1st period - Tomas Plekanec is hit by Jamie Benn.
14:34 of 1st period - Shot by Tyler Johnson.
14:34 of 1st period - Deflect By Nikolaj Ehlers.
14:34 of 1st period - Shot Misses the Net.
14:38 of 1st period - Shot by Tyler Johnson.
14:38 of 1st period - Shot Misses the Net.
14:43 of 1st period - Minor Penalty to Adam McQuaid for Boarding.
14:44 of 1st period - Mika Zibanejad wins face-off versus Tomas Plekanec in Canucks zone.
14:47 of 1st period - Shot by Jamie Benn.
14:47 of 1st period - Shot Blocked by Alexander Edler.
14:54 of 1st period - Icing by Jamie Benn.
14:55 of 1st period - Mika Zibanejad wins face-off versus Tomas Plekanec in Blackhawks zone.
15:10 of 1st period - Shot by Jeff Skinner.
15:10 of 1st period - Deflect By Jamie Benn.
15:10 of 1st period - Stopped by Cam Talbot with a rebound.
15:17 of 1st period - Icing by Mika Zibanejad.
15:18 of 1st period - Mika Zibanejad wins face-off versus Tomas Plekanec in Blackhawks zone.
16:00 of 1st period - Off-side.
16:01 of 1st period - Tomas Plekanec wins face-off versus Martin Havlat in neutral zone.
16:33 of 1st period - Shot by *Nolan Patrick.
16:33 of 1st period - Shot Misses the Net.
16:53 of 1st period - Shot by Jeff Skinner.
16:53 of 1st period - Stopped by Cam Talbot with a rebound.
17:00 of 1st period - Minor Penalty to Brett Skinner for Boarding.
17:01 of 1st period - Brayden Point wins face-off versus Mika Zibanejad in Blackhawks zone.
17:20 of 1st period - Shot by Jaccob Slavin.
17:20 of 1st period - Stopped by Cory Schneider without a rebound.
17:21 of 1st period - *Nolan Patrick wins face-off versus Mika Zibanejad in Blackhawks zone.
17:22 of 1st period - Shot by Jordan Eberle.
17:22 of 1st period - Deflect By Reilly Smith.
17:22 of 1st period - Shot Misses the Net.
17:24 of 1st period - Shot by Marc Staal.
17:24 of 1st period - Deflect By *Nolan Patrick.
17:24 of 1st period - Stopped by Cory Schneider without a rebound.
17:25 of 1st period - Mika Zibanejad wins face-off versus *Nolan Patrick in Blackhawks zone.
17:55 of 1st period - Shot by Marc Staal.
17:55 of 1st period - Shot Misses the Net.
17:57 of 1st period - Shot by Reilly Smith.
17:57 of 1st period - Goal by Reilly Smith - Canucks : 3 - Blackhawks : 0.
17:58 of 1st period - Tomas Plekanec wins face-off versus Steven Stamkos in neutral zone.
18:13 of 1st period - Shot by Jamie Benn.
18:13 of 1st period - Stopped by Cam Talbot without a rebound.
18:14 of 1st period - Jannik Hansen wins face-off versus Bryan Little in Canucks zone.
18:14 of 1st period - Jannik Hansen is hit by Brett Skinner.
18:49 of 1st period - Minor Penalty to Brett Skinner for Roughing.
18:49 of 1st period - Minor Penalty to Jason Chimera for High sticking.
18:50 of 1st period - Jamie Benn wins face-off versus *Nolan Patrick in Blackhawks zone.
19:13 of 1st period - Shot by Jamie Benn.
19:13 of 1st period - Shot Misses the Net.
19:21 of 1st period - Justin Faulk is hit by *Nolan Patrick and loses puck.
19:40 of 1st period - Icing by David Rundblad.
19:41 of 1st period - Jamie Benn wins face-off versus Brayden Point in Blackhawks zone.
19:56 of 1st period - Shot by Bryan Little.
19:56 of 1st period - Shot Misses the Net.
19:58 of 1st period - Shot by Bryan Little.
19:58 of 1st period - Stopped by Cam Talbot without a rebound.
19:59 of 1st period - *Nolan Patrick wins face-off versus Jamie Benn in Canucks zone.
19:59 of 1st period - *Nolan Patrick is hit by Jamie Benn.
Goals for this period are 3 for Canucks vs 0 for Blackhawks.
Shots for this period are 11 for Canucks vs 7 for Blackhawks.

2nd period


0:01 of 2nd period - *Nolan Patrick wins face-off versus Jamie Benn in neutral zone.
0:57 of 2nd period - Nikolaj Ehlers is hit by Alexander Edler and loses puck.
1:20 of 2nd period - Shot by Nikolaj Ehlers.
1:20 of 2nd period - Deflect By Bryan Little.
1:20 of 2nd period - Shot Misses the Net.
1:22 of 2nd period - Shot by Bryan Little.
1:22 of 2nd period - Shot Misses the Net.
1:37 of 2nd period - Minor Penalty to Alexander Edler for Tripping.
1:38 of 2nd period - Tomas Plekanec wins face-off versus Mika Zibanejad in Canucks zone.
1:38 of 2nd period - Tomas Plekanec is hit by Jamie Benn.
1:52 of 2nd period - Shot by Tomas Plekanec.
1:52 of 2nd period - Stopped by Cory Schneider with a rebound.
2:07 of 2nd period - Shot by Jeff Skinner.
2:07 of 2nd period - Shot Misses the Net.
2:09 of 2nd period - Shot by Jamie Benn.
2:09 of 2nd period - Stopped by Cam Talbot without a rebound.
2:10 of 2nd period - Tomas Plekanec wins face-off versus Bryan Little in Canucks zone.
2:10 of 2nd period - Tomas Plekanec is hit by Bryan Little.
2:19 of 2nd period - Icing by Victor Hedman.
2:20 of 2nd period - Martin Havlat wins face-off versus Tomas Plekanec in Blackhawks zone.
2:20 of 2nd period - Martin Havlat is hit by Luke Glendening.
2:47 of 2nd period - Icing by Justin Faulk.
2:48 of 2nd period - Martin Havlat wins face-off versus Tomas Plekanec in Blackhawks zone.
2:48 of 2nd period - Martin Havlat is hit by Luke Glendening.
3:52 of 2nd period - Shot by Nikolaj Ehlers.
3:52 of 2nd period - Shot Misses the Net.
4:05 of 2nd period - Shot by Brayden Point.
4:05 of 2nd period - Stopped by Cory Schneider without a rebound.
4:06 of 2nd period - Logan Couture wins face-off versus Steven Stamkos in Blackhawks zone.
4:06 of 2nd period - Jordan Eberle is hit by Shea Weber.
4:27 of 2nd period - Off-side.
4:28 of 2nd period - Bryan Little wins face-off versus *Nolan Patrick in neutral zone.
4:28 of 2nd period - Shea Weber is hit by Jannik Hansen and loses puck.
4:35 of 2nd period - Tyler Johnson is hit by Jannik Hansen and loses puck.
5:20 of 2nd period - Alexander Edler is hit by Nikolaj Ehlers and loses puck.
5:26 of 2nd period - Icing by Jaccob Slavin.
5:27 of 2nd period - Tomas Plekanec wins face-off versus Mika Zibanejad in Canucks zone.
5:27 of 2nd period - Tomas Plekanec is hit by Mika Zibanejad.
6:43 of 2nd period - Shot by Jamie Benn.
6:43 of 2nd period - Stopped by Cam Talbot without a rebound.
6:44 of 2nd period - *Nolan Patrick wins face-off versus Tyler Johnson in Canucks zone.
6:44 of 2nd period - *Nolan Patrick is hit by Bryan Little.
6:49 of 2nd period - Off-side.
6:50 of 2nd period - Steven Stamkos wins face-off versus *Nolan Patrick in neutral zone.
7:08 of 2nd period - Icing by Brett Skinner.
7:09 of 2nd period - Logan Couture wins face-off versus Steven Stamkos in Blackhawks zone.
7:14 of 2nd period - Shot by Logan Couture.
7:14 of 2nd period - Stopped by Cory Schneider with a rebound.
7:30 of 2nd period - Shot by Reilly Smith.
7:30 of 2nd period - Stopped by Cory Schneider with a rebound.
7:51 of 2nd period - Icing by Alexander Edler.
7:52 of 2nd period - Mika Zibanejad wins face-off versus Jordan Eberle in Canucks zone.
8:15 of 2nd period - Shot by Taylor Hall.
8:15 of 2nd period - Deflect By Martin Havlat.
8:15 of 2nd period - Goal by Martin Havlat - Canucks : 3 - Blackhawks : 1.
8:16 of 2nd period - Bryan Little wins face-off versus Tomas Plekanec in neutral zone.
8:26 of 2nd period - Icing by Tomas Plekanec.
8:27 of 2nd period - Mika Zibanejad wins face-off versus Tomas Plekanec in Canucks zone.
8:41 of 2nd period - Shot by Marc Staal.
8:41 of 2nd period - Stopped by Cory Schneider without a rebound.
8:42 of 2nd period - Steven Stamkos wins face-off versus *Nolan Patrick in Blackhawks zone.
8:46 of 2nd period - Off-side.
8:47 of 2nd period - Mika Zibanejad wins face-off versus Tomas Plekanec in neutral zone.
9:01 of 2nd period - Shot by Taylor Hall.
9:01 of 2nd period - Stopped by Cam Talbot with a rebound.
9:07 of 2nd period - Shot by Justin Faulk.
9:07 of 2nd period - Shot Misses the Net.
9:09 of 2nd period - Shot by Taylor Hall.
9:09 of 2nd period - Shot Misses the Net.
9:11 of 2nd period - Shot by Taylor Hall.
9:11 of 2nd period - Stopped by Cam Talbot with a rebound.
9:13 of 2nd period - Shot by Taylor Hall.
9:13 of 2nd period - Shot Blocked by Karl Alzner.
9:15 of 2nd period - Shot by Taylor Hall.
9:15 of 2nd period - Shot Blocked by Marc Staal.
9:17 of 2nd period - Shot by Derek Forbort.
9:17 of 2nd period - Shot Misses the Net.
9:27 of 2nd period - Shot by Martin Havlat.
9:27 of 2nd period - Stopped by Cam Talbot without a rebound.
9:28 of 2nd period - Logan Couture wins face-off versus Steven Stamkos in Canucks zone.
9:35 of 2nd period - Shot by Jaccob Slavin.
9:35 of 2nd period - Stopped by Cory Schneider without a rebound.
9:36 of 2nd period - Bryan Little wins face-off versus Reilly Smith in Blackhawks zone.
9:58 of 2nd period - Tyler Johnson is hit by Alexander Edler and loses puck.
10:11 of 2nd period - Shot by Reilly Smith.
10:11 of 2nd period - Shot Misses the Net.
10:13 of 2nd period - Shot by Alexander Edler.
10:13 of 2nd period - Shot Misses the Net.
10:54 of 2nd period - Icing by Karl Alzner.
10:55 of 2nd period - Steven Stamkos wins face-off versus T.J. Oshie in Canucks zone.
10:56 of 2nd period - Shot by Jamie Benn.
10:56 of 2nd period - Shot Misses the Net.
11:21 of 2nd period - Jeff Skinner is hit by Marc Staal.
11:34 of 2nd period - Steven Stamkos is hit by Adam McQuaid and loses puck.
11:42 of 2nd period - Jeff Skinner is hit by Adam McQuaid and loses puck.
12:32 of 2nd period - Taylor Hall is hit by Adam McQuaid and loses puck.
12:54 of 2nd period - Bryan Little is hit by Adam McQuaid and loses puck.
13:08 of 2nd period - Tyler Johnson is hit by Adam McQuaid and loses puck.
13:14 of 2nd period - Tyler Johnson is hit by Adam McQuaid and loses puck.
13:22 of 2nd period - Minor Penalty to Adam McQuaid for Tripping.
13:23 of 2nd period - Tomas Plekanec wins face-off versus Jamie Benn in Canucks zone.
13:31 of 2nd period - Icing by Jamie Benn.
13:32 of 2nd period - Tomas Plekanec wins face-off versus Jamie Benn in Blackhawks zone.
13:43 of 2nd period - Icing by Jeff Skinner.
13:44 of 2nd period - Tomas Plekanec wins face-off versus Mika Zibanejad in Blackhawks zone.
13:50 of 2nd period - T.J. Oshie is hit by Justin Faulk.
13:55 of 2nd period - Icing by Justin Faulk.
13:56 of 2nd period - Mika Zibanejad wins face-off versus Tomas Plekanec in Blackhawks zone.
14:01 of 2nd period - Alexander Edler is hit by Jeff Skinner and loses puck.
14:22 of 2nd period - Shot by Justin Faulk.
14:22 of 2nd period - Stopped by Cam Talbot without a rebound.
14:23 of 2nd period - Martin Havlat wins face-off versus Tomas Plekanec in Canucks zone.
14:46 of 2nd period - Shot by Shea Weber.
14:46 of 2nd period - Deflect By Martin Havlat.
14:46 of 2nd period - Stopped by Cam Talbot with a rebound.
14:48 of 2nd period - Shot by Martin Havlat.
14:48 of 2nd period - Goal by Martin Havlat - Canucks : 3 - Blackhawks : 2.
14:49 of 2nd period - Steven Stamkos wins face-off versus Logan Couture in neutral zone.
14:52 of 2nd period - Jaccob Slavin is hit by Steven Stamkos and loses puck.
14:56 of 2nd period - Icing by Jaccob Slavin.
14:57 of 2nd period - Steven Stamkos wins face-off versus Logan Couture in Canucks zone.
15:03 of 2nd period - Icing by Alexander Edler.
15:04 of 2nd period - Logan Couture wins face-off versus Mika Zibanejad in Canucks zone.
15:04 of 2nd period - Logan Couture is hit by Mika Zibanejad.
15:18 of 2nd period - Alexander Edler is hit by Taylor Hall.
15:31 of 2nd period - Off-side.
15:32 of 2nd period - Tomas Plekanec wins face-off versus Steven Stamkos in neutral zone.
16:01 of 2nd period - Shot by T.J. Oshie.
16:01 of 2nd period - Stopped by Cory Schneider without a rebound.
16:02 of 2nd period - Mika Zibanejad wins face-off versus Logan Couture in Blackhawks zone.
16:11 of 2nd period - Shot by Logan Couture.
16:11 of 2nd period - Stopped by Cory Schneider without a rebound.
16:12 of 2nd period - Bryan Little wins face-off versus Logan Couture in Blackhawks zone.
16:17 of 2nd period - Jaccob Slavin is hit by Bryan Little and loses puck.
16:23 of 2nd period - Icing by Reilly Smith.
16:24 of 2nd period - Mika Zibanejad wins face-off versus Reilly Smith in Canucks zone.
16:30 of 2nd period - Minor Penalty to Alexander Edler for High sticking.
16:31 of 2nd period - Martin Havlat wins face-off versus Tomas Plekanec in Canucks zone.
16:53 of 2nd period - Shot by Taylor Hall.
16:53 of 2nd period - Shot Blocked by Karl Alzner.
16:55 of 2nd period - Shot by Shea Weber.
16:55 of 2nd period - Shot Blocked by Karl Alzner.
16:57 of 2nd period - Shot by Martin Havlat.
16:57 of 2nd period - Stopped by Cam Talbot without a rebound.
16:58 of 2nd period - Mika Zibanejad wins face-off versus *Nolan Patrick in Canucks zone.
17:25 of 2nd period - Shot by Victor Hedman.
17:25 of 2nd period - Shot Hit the Post.
18:12 of 2nd period - Shot by Taylor Hall.
18:12 of 2nd period - Stopped by Cam Talbot with a rebound.
18:22 of 2nd period - Shot by Shea Weber.
18:22 of 2nd period - Shot Misses the Net.
18:43 of 2nd period - Icing by Derek Forbort.
18:44 of 2nd period - Tomas Plekanec wins face-off versus Jamie Devane in Blackhawks zone.
18:50 of 2nd period - Derek Forbort is hit by Tyler Ennis and loses puck.
19:00 of 2nd period - Nikolaj Ehlers is hit by Adam McQuaid and loses puck.
19:29 of 2nd period - Shot by Jamie Benn.
19:29 of 2nd period - Shot Blocked by Paul Martin.
19:47 of 2nd period - Jamie Benn is hit by Adam McQuaid and loses puck.
Goals for this period are 0 for Canucks vs 2 for Blackhawks.
Shots for this period are 8 for Canucks vs 11 for Blackhawks.

3rd period


0:01 of 3rd period - Mika Zibanejad wins face-off versus Logan Couture in neutral zone.
0:14 of 3rd period - Shot by Taylor Hall.
0:14 of 3rd period - Stopped by Cam Talbot without a rebound.
0:15 of 3rd period - Bryan Little wins face-off versus Tomas Plekanec in Canucks zone.
0:19 of 3rd period - Tyler Johnson is hit by Marc Staal and loses puck.
0:23 of 3rd period - Icing by Karl Alzner.
0:24 of 3rd period - Tomas Plekanec wins face-off versus Mika Zibanejad in Canucks zone.
0:24 of 3rd period - Tomas Plekanec is hit by Brett Skinner.
0:35 of 3rd period - Brett Skinner is hit by Marc Staal and loses puck.
1:30 of 3rd period - Shot by Reilly Smith.
1:30 of 3rd period - Stopped by Cory Schneider with a rebound.
1:41 of 3rd period - Shot by Bryan Little.
1:41 of 3rd period - Deflect By Tyler Johnson.
1:41 of 3rd period - Shot Blocked by Reilly Smith.
1:43 of 3rd period - Shot by Bryan Little.
1:43 of 3rd period - Shot Misses the Net.
2:16 of 3rd period - Off-side.
2:17 of 3rd period - *Nolan Patrick wins face-off versus Steven Stamkos in neutral zone.
2:23 of 3rd period - Shot by Luke Glendening.
2:23 of 3rd period - Deflect By *Nolan Patrick.
2:23 of 3rd period - Goal by *Nolan Patrick - Canucks : 4 - Blackhawks : 2.
2:24 of 3rd period - Steven Stamkos wins face-off versus Tomas Plekanec in neutral zone.
2:34 of 3rd period - Steven Stamkos is hit by Marc Staal and loses puck.
2:35 of 3rd period - Minor Penalty to Karl Alzner for Boarding.
2:36 of 3rd period - Tomas Plekanec wins face-off versus Mika Zibanejad in Canucks zone.
2:55 of 3rd period - Icing by Shea Weber.
2:56 of 3rd period - Mika Zibanejad wins face-off versus Tomas Plekanec in Blackhawks zone.
3:17 of 3rd period - Shot by Brett Skinner.
3:17 of 3rd period - Stopped by Cam Talbot without a rebound.
3:18 of 3rd period - Martin Havlat wins face-off versus *Nolan Patrick in Canucks zone.
3:19 of 3rd period - Shot by Victor Hedman.
3:19 of 3rd period - Shot Blocked by Paul Martin.
3:29 of 3rd period - Shot by Victor Hedman.
3:29 of 3rd period - Stopped by Cam Talbot with a rebound.
3:45 of 3rd period - Shot by Taylor Hall.
3:45 of 3rd period - Shot Blocked by Jaccob Slavin.
3:57 of 3rd period - Shot by Jaccob Slavin.
3:57 of 3rd period - Stopped by Cory Schneider without a rebound.
3:58 of 3rd period - Jamie Benn wins face-off versus Tomas Plekanec in Blackhawks zone.
4:30 of 3rd period - Shot by Jamie Benn.
4:30 of 3rd period - Shot Misses the Net.
4:32 of 3rd period - Shot by Shea Weber.
4:32 of 3rd period - Shot Misses the Net.
4:51 of 3rd period - Jaccob Slavin is hit by Derek Forbort and loses puck.
5:07 of 3rd period - Minor Penalty to Justin Faulk for Tripping.
5:08 of 3rd period - *Nolan Patrick wins face-off versus Mika Zibanejad in Blackhawks zone.
5:13 of 3rd period - Shot by Karl Alzner.
5:13 of 3rd period - Shot Misses the Net.
5:32 of 3rd period - John Carlson is hit by Reilly Smith and loses puck.
5:38 of 3rd period - Shea Weber is hit by Reilly Smith and loses puck.
6:18 of 3rd period - Shot by Alexander Edler.
6:18 of 3rd period - Shot Blocked by Victor Hedman.
6:26 of 3rd period - Shot by T.J. Oshie.
6:26 of 3rd period - Stopped by Cory Schneider without a rebound.
6:27 of 3rd period - Mika Zibanejad wins face-off versus Brayden Point in Blackhawks zone.
7:31 of 3rd period - Shot by Jamie Benn.
7:31 of 3rd period - Stopped by Cam Talbot without a rebound.
7:32 of 3rd period - Logan Couture wins face-off versus Bryan Little in Canucks zone.
7:45 of 3rd period - Shot by Reilly Smith.
7:45 of 3rd period - Stopped by Cory Schneider without a rebound.
7:46 of 3rd period - Tomas Plekanec wins face-off versus Mika Zibanejad in Blackhawks zone.
8:00 of 3rd period - Shot by Tyler Ennis.
8:00 of 3rd period - Stopped by Cory Schneider with a rebound.
8:10 of 3rd period - Shot by Tyler Ennis.
8:10 of 3rd period - Stopped by Cory Schneider without a rebound.
8:11 of 3rd period - Brayden Point wins face-off versus Steven Stamkos in Blackhawks zone.
8:21 of 3rd period - Brayden Point is hit by Brett Skinner and loses puck.
8:32 of 3rd period - Shot by Jannik Hansen.
8:32 of 3rd period - Shot Misses the Net.
8:34 of 3rd period - Shot by Jaccob Slavin.
8:34 of 3rd period - Shot Blocked by John Carlson.
8:40 of 3rd period - Shot by Brayden Point.
8:40 of 3rd period - Stopped by Cory Schneider with a rebound.
8:54 of 3rd period - Minor Penalty to Steven Stamkos for Cross-checking.
8:55 of 3rd period - Mika Zibanejad wins face-off versus *Nolan Patrick in Blackhawks zone.
8:57 of 3rd period - Victor Hedman is hit by *Nolan Patrick and loses puck.
9:02 of 3rd period - Shot by Jordan Eberle.
9:02 of 3rd period - Shot Misses the Net.
9:04 of 3rd period - Shot by Marc Staal.
9:04 of 3rd period - Stopped by Cory Schneider without a rebound.
9:05 of 3rd period - Mika Zibanejad wins face-off versus *Nolan Patrick in Blackhawks zone.
9:31 of 3rd period - Shot by Karl Alzner.
9:31 of 3rd period - Stopped by Cory Schneider without a rebound.
9:32 of 3rd period - Brayden Point wins face-off versus Mika Zibanejad in Blackhawks zone.
10:00 of 3rd period - Shot by Alexander Edler.
10:00 of 3rd period - Stopped by Cory Schneider with a rebound.
10:02 of 3rd period - Shot by Logan Couture.
10:02 of 3rd period - Shot Misses the Net.
10:04 of 3rd period - Shot by Alexander Edler.
10:04 of 3rd period - Shot Misses the Net.
10:06 of 3rd period - Shot by Alexander Edler.
10:06 of 3rd period - Shot Misses the Net.
10:08 of 3rd period - Shot by Alexander Edler.
10:08 of 3rd period - Shot Misses the Net.
10:10 of 3rd period - Shot by T.J. Oshie.
10:10 of 3rd period - Goal by T.J. Oshie - Canucks : 5 - Blackhawks : 2.
10:11 of 3rd period - Steven Stamkos wins face-off versus *Nolan Patrick in neutral zone.
10:19 of 3rd period - Icing by *Nolan Patrick.
10:20 of 3rd period - Bryan Little wins face-off versus *Nolan Patrick in Canucks zone.
10:21 of 3rd period - Shot by Victor Hedman.
10:21 of 3rd period - Shot Misses the Net.
11:35 of 3rd period - Icing by John Carlson.
11:36 of 3rd period - Tomas Plekanec wins face-off versus Mika Zibanejad in Blackhawks zone.
11:39 of 3rd period - Shot by T.J. Oshie.
11:39 of 3rd period - Stopped by Cory Schneider with a rebound.
11:41 of 3rd period - Shot by Alexander Edler.
11:41 of 3rd period - Shot Misses the Net.
11:43 of 3rd period - Shot by Alexander Edler.
11:43 of 3rd period - Shot Blocked by Brett Skinner.
12:37 of 3rd period - Shot by Reilly Smith.
12:37 of 3rd period - Stopped by Cory Schneider without a rebound.
12:38 of 3rd period - Steven Stamkos wins face-off versus Brayden Point in Blackhawks zone.
12:40 of 3rd period - Icing by Justin Faulk.
12:41 of 3rd period - Steven Stamkos wins face-off versus Logan Couture in Blackhawks zone.
13:24 of 3rd period - Shot by Jamie Benn.
13:24 of 3rd period - Shot Misses the Net.
13:41 of 3rd period - Icing by Marc Staal.
13:42 of 3rd period - Logan Couture wins face-off versus Bryan Little in Canucks zone.
14:05 of 3rd period - Shot by T.J. Oshie.
14:05 of 3rd period - Stopped by Cory Schneider without a rebound.
14:06 of 3rd period - *Nolan Patrick wins face-off versus Mika Zibanejad in Blackhawks zone.
15:33 of 3rd period - Shot by T.J. Oshie.
15:33 of 3rd period - Stopped by Cory Schneider without a rebound.
15:34 of 3rd period - Logan Couture wins face-off versus Jamie Benn in Blackhawks zone.
15:41 of 3rd period - Shot by Reilly Smith.
15:41 of 3rd period - Shot Blocked by Derek Forbort.
15:43 of 3rd period - Shot by Reilly Smith.
15:43 of 3rd period - Stopped by Cory Schneider with a rebound.
15:49 of 3rd period - Shot by Jordan Eberle.
15:49 of 3rd period - Stopped by Cory Schneider without a rebound.
15:50 of 3rd period - Martin Havlat wins face-off versus Tomas Plekanec in Blackhawks zone.
16:32 of 3rd period - Icing by Mika Zibanejad.
16:33 of 3rd period - Logan Couture wins face-off versus Mika Zibanejad in Blackhawks zone.
17:12 of 3rd period - Icing by Marc Staal.
17:13 of 3rd period - Jamie Benn wins face-off versus Logan Couture in Canucks zone.
17:37 of 3rd period - Icing by Victor Hedman.
17:38 of 3rd period - Tomas Plekanec wins face-off versus Steven Stamkos in Blackhawks zone.
17:44 of 3rd period - Tomas Plekanec is hit by Victor Hedman and loses puck.
17:47 of 3rd period - Shot by T.J. Oshie.
17:47 of 3rd period - Shot Hit the Post.
17:49 of 3rd period - Shot by T.J. Oshie.
17:49 of 3rd period - Stopped by Cory Schneider with a rebound.
17:51 of 3rd period - Shot by Alexander Edler.
17:51 of 3rd period - Shot Misses the Net.
17:53 of 3rd period - Shot by Tomas Plekanec.
17:53 of 3rd period - Shot Misses the Net.
18:17 of 3rd period - Shot by Tyler Ennis.
18:17 of 3rd period - Stopped by Cory Schneider without a rebound.
18:18 of 3rd period - *Nolan Patrick wins face-off versus Bryan Little in Blackhawks zone.
18:27 of 3rd period - Shot by Luke Glendening.
18:27 of 3rd period - Shot Misses the Net.
18:29 of 3rd period - Shot by Luke Glendening.
18:29 of 3rd period - Shot Misses the Net.
18:31 of 3rd period - Shot by Adam McQuaid.
18:31 of 3rd period - Stopped by Cory Schneider with a rebound.
18:33 of 3rd period - Shot by Jannik Hansen.
18:33 of 3rd period - Shot Blocked by Justin Faulk.
19:15 of 3rd period - Minor Penalty to Jannik Hansen for Holding.
19:16 of 3rd period - Tomas Plekanec wins face-off versus Mika Zibanejad in Canucks zone.
19:16 of 3rd period - Tomas Plekanec is hit by Mika Zibanejad.
Goals for this period are 2 for Canucks vs 0 for Blackhawks.
Shots for this period are 21 for Canucks vs 4 for Blackhawks.